 Dungeon Crawl Stone Soup version 0.32-a0-411-g744942f433 (console) character file.

Game seed: 14536777194707354747

30 zenocrate the Sneak (level 3, -1/29 HPs)
             Began as a Demonspawn Delver on Feb 20, 2024.
             Splashed by a jelly's acid (2 damage)
             ... on level 4 of the Dungeon.
             The game lasted 00:00:36 (92 turns).

zenocrate the Sneak (Demonspawn Delver)               Turns: 92, Time: 00:00:37

Health: -1/29      AC:  3    Str: 14    XL:     3   Next: 3%
Magic:  3/3        EV: 11    Int: 10    God:
Gold:   14         SH:  0    Dex: 14    Spells: 2/2 levels left

rFire   . .          .
                       - Unarmed
rCold   . . .        (no shield)
rNeg    . . .        a - +0 leather armour
rPois   .            (no helmet)
rElec   .            (no cloak)
rCorr   .            (no gloves)
SInv    .            (no boots)
Will    .....        (no amulet)
Stlth   ++           (no ring)
HPRegen 0.24/turn    (no ring)
MPRegen 0.08/turn

%: no passive effects
@: no status effects
A: hooves 1, powered by pain 1
a: no special abilities


You were on level 4 of the Dungeon.
You visited 1 branch of the dungeon, and saw 2 of its levels.

You collected 14 gold pieces.

Inventory:

Armour
 a - a +0 leather armour (worn)
Wands
 f - a wand of digging (3)
Scrolls
 b - a scroll of fog
 d - a scroll of fear
Potions
 e - a potion of haste


   Skills:
 - Level 3.0 Fighting
 - Level 1.7 Dodging
 - Level 4.5 Stealth
 + Level 3.2 Unarmed Combat


You had 2 spell levels left.
You didn't know any spells.
Your spell library was empty.

Dungeon Overview and Level Annotations

Branches:
Dungeon (5/15)
 Temple: D:4-7

Altars:

Portals:
Ossuary: D:4


Innate Abilities, Weirdness & Mutations

You have large cloven feet.
You sometimes gain a little power by taking damage.


Message History

The hound barely misses you.
Unknown command.
You closely miss the hound.
The hound is almost dead.
The hound barely misses you.
Unknown command.
You barely miss the hound.
The hound is almost dead.
The hound bites you but does no damage. The hound barely misses you.
Unknown command.
You hit the hound.
The hound is almost dead.
You hear the slow hiss of an avalanche of sand very nearby.
The hound barely misses you.
Unknown command.
You hit the hound.
You kill the hound!
Your Unarmed Combat skill gained 2 levels and is now at level 3!
You have reached level 2!
Your demonic ancestry asserts itself...
Your feet thicken and deform.
You have reached level 3!
Your experience leads to an increase in your attributes!
Increase (S)trength, (I)ntelligence, or (D)exterity?
You feel stronger. x2; Your demonic ancestry asserts itself...
You feel energised by your suffering.
Okay, then.
Okay, then.
You barely miss the jelly. You kick the jelly.
The jelly is lightly wounded.
The jelly closely misses you.
Unknown command.
You hit the jelly.
Your hands burn!
* * * LOW HITPOINT WARNING * * *
You kick the jelly, but do no damage.
The jelly is moderately wounded.
The jelly hits you but does no damage.
Unknown command.
You hit the jelly but do no damage.
Your hands burn!
You die...

*,****,* *,,,,,,,, *,* *,*
*,******* *,* *,* *,* ## *,* *,*
*,* ## *********,* *,* *,* ##
*,,,,,,**,****,* *,#######
*,,,,,,*,,**,*,**********,.......
*,,,<,,*,,,*,*,,,,,,,,,,,,,,.....
,,,,,,,+,∩,,,,,,,,,,,^,,,,,,,,...
*,,,,,,*,....###################.
,,,,,,,,,.....ZJ@................
******,,,###.##################..
*,,,* *,******* #.. *,,,*
*,*,,,,,* #..
******,,,***,*,,,,,* #..
,,,,,,,,,,,,,,,,,,,* #.#
,,,,,,******,***,*** #..
,,,,,,******,* *,,** ###
,,,,,,+,,,,*,****,,*
,,,,,,****,*,,,,,,,****** ,,,,,,*
*,*******,,,,,,***


You could see a jelly and a goblin zombie.

Vanquished Creatures
  A hound (D:4)
1 creature vanquished.

Notes
Turn   | Place    | Note
-------+----------+-------------------------------------------
     0 | D:5      | zenocrate the Demonspawn Delver began the quest for the
                  | Orb.
     0 | D:5      | Reached XP level 1. HP: 18/18 MP: 1/1
    70 | D:4      | Noticed a hound
    74 | D:4      | Found a sand-covered staircase.
    77 | D:4      | Noticed a jelly
    89 | D:4      | Killed a hound
    90 | D:4      | Gained mutation: You have large cloven feet. [demonic
                  | ancestry]
    90 | D:4      | Reached XP level 2. HP: 3/24 MP: 2/2
    90 | D:4      | Gained mutation: You sometimes gain a little power by
                  | taking damage. [demonic ancestry]
    90 | D:4      | Reached XP level 3. HP: 4/29 MP: 3/3
    91 | D:4      | HP: 1/29 [acid (3)]
    92 | D:4      | Splashed by a jelly's acid

Illustrated notes

Levels and vault maps discovered:
D:4:      layout_basic, yredelemnul_forgotten_temple_becter, enter_ossuary_3,
          minmay_misc_feat_secret_circle
D:5:      layout_loops_ring, cheibrodos_sewer_entry_bend,
          serial_library_hellmonk_octagon

Skill      XL: |  1 |
---------------+----+-----
Unarmed Combat | 3 |  3.2
Fighting       | |  3.0
Dodging        | |  1.7
Stealth        | |  4.5

Action                     || total
---------------------------++-------
  Melee: Unarmed           ||    18
         Kick              ||     2
    Use: Scroll            ||     1
 Armour: Leather armour    ||    11
  Dodge: Dodged            ||    11

Table legend: (Time is in decaauts)
 A = Elapsed time spent in this place.
 B = Non-inter-level travel time spent in this place.
 C = Inter-level travel time spent in this place.
 D = Time resting spent in this place.
 E = Time spent auto-exploring this place.
 F = Levels seen in this place.
 G = Mean time per level.
                   A        B        C        D        E       F      G
               +--------+--------+--------+--------+--------+-----+--------+
         Total |     91 |     91 |      0 |      0 |     31 |   2 |   45.5 |
       Dungeon |     91 |     91 |      0 |      0 |     31 |   2 |   45.5 |
               +--------+--------+--------+--------+--------+-----+--------+

Top non-repeatable levels by time:
     D:4: 53 daAuts
     D:5: 38 daAuts
